 Dungeon Crawl Stone Soup version 0.25-a0-597-gb30770a0c0 (webtiles) character file.

Game seed: 2213527521824255130, levelgen mode: deterministic

24 Koleisus the Caller (level 3, -2/19 HPs)
             Began as a Kobold Summoner on Mar 15, 2020.
             Was an Initiate of the Shining One.
             Slain by an adder (3 damage)
             ... on level 2 of the Dungeon.
             The game lasted 00:07:27 (2170 turns).

Koleisus the Caller (Kobold Summoner)               Turns: 2170, Time: 00:07:28

Health: -2/19      AC:  2    Str:  5    XL:     3   Next: 15%
Magic:  3/6        EV: 15    Int: 17    God:    the Shining One [......]
Gold:   77         SH:  0    Dex: 15    Spells: 6/7 levels left

rFire    . . .     SeeInvis .   (weapon restricted)
rCold    . . .     Gourm    .   (shield restricted)
rNeg     . . .     Faith    .   a - +0 robe
rPois    .         Spirit   .   (no helmet)
rElec    .         Reflect  .   (no cloak)
rCorr    .         Harm     .   (no gloves)
MR       .....                  (no boots)
Stlth    +.........             (no amulet)
HPRegen  0.06/turn              (no ring)
MPRegen  0.10/turn              (no ring)

@: glowing
A: small, carnivore
a: Renounce Religion


You were on level 2 of the Dungeon.
You worshipped the Shining One.
The Shining One was noncommittal.
You were full.

You visited 1 branch of the dungeon, and saw 3 of its levels.

You collected 77 gold pieces.

Inventory:

Armour
 a - a +0 robe (worn)
Jewellery
 e - an uncursed ring of protection from cold {unknown}
 g - an uncursed ring of see invisible {unknown}
 h - a +2 ring of protection {unknown}
 m - an uncursed ring of stealth {unknown}
Scrolls
 d - 3 scrolls of identify {unknown}
Potions
 b - 3 potions of curing {unknown}
 f - a potion of magic {unknown}
 i - a potion of brilliance {unknown}
 j - a potion of lignification {unknown}
 k - a potion of stabbing {unknown}
 l - a potion of might {unknown}
Comestibles
 c - 4 rations


   Skills:
 + Level 0.2 Fighting
 - Level 2.4 Dodging
 - Level 2.6 Stealth
 + Level 0.2 Unarmed Combat
 + Level 2.5 Spellcasting
 * Level 4.6 Summonings


You had 6 spell levels left.
You knew the following spells:

 Your Spells              Type           Power        Failure   Level  Hunger
a - Summon Small Mammal   Summ           ###.         2%          1    #......

Your spell library contained the following spells:

 Spells                   Type           Power        Failure   Level  Hunger
 Call Imp                 Summ           ###.....     4%          2    ##.....
 Call Canine Familiar     Summ           ###.....     9%          3    ###....
 Summon Guardian Golem    Hex/Summ       ##......     22%         3    ###....
 Summon Ice Beast         Ice/Summ       ##......     56%         4    #####..
 Summon Lightning Spire   Summ/Air       ##......     56%         4    #####..


Dungeon Overview and Level Annotations

Branches:
Dungeon (3/15)

Altars:
The Shining One


Innate Abilities, Weirdness & Mutations

You are small and have problems with some larger weapons.
You are carnivorous and can eat meat at any time.


Message History

Your quokka dies!
Your quokka's corpse disappears in a puff of smoke!
Your rat closely misses the hobgoblin.
The hobgoblin shouts!
The rat bites you. The adder bites you.
* * * LOW HITPOINT WARNING * * *
Your rat bites the hobgoblin.
The rat bites you.
* * * LOW HITPOINT WARNING * * *
Your rat bites the hobgoblin.
The hobgoblin dies!
Your rat closely misses the rat.
The adder bites you.
* * * LOW HITPOINT WARNING * * *
There is a stone staircase leading up here.
The adder bites you but does no damage. The rat barely misses you.
Your rat closely misses the rat.
You climb upwards.
There is a stone staircase leading down here.
You hit the rat but do no damage. The adder bites you.
You die...

#########'###.# #.# #.....
#...........#.# #.# #.....
#...........#.# #.#######....^
#...........#.# #.#....####.#.
#...........#.###.#.##.# #.#.
#........)........#.##.# #.#.
#...........#.##....##.####.##
#...........#S##....##.#<##.##
#...........#@r..)............
#...........####...###.#.##.##
#...........# #...# #.#.#....
#...........# ##### #.#.#####
#...........# #.#.#
#######################.#.#
#.......................#.#
#.#######################.#####
#.# #.................


You could see an adder and a rat.

Vanquished Creatures
  A giant cockroach (D:1)
  A bat (D:1)
  A frilled lizard (D:2)
  A rat (D:1)
4 creatures vanquished.

Vanquished Creatures (collateral kills)
  A dart slug (D:1)
  A leopard gecko (D:2)
  4 bats (D:1)
  8 hobgoblins
  3 goblins
  4 kobolds
  5 rats
26 creatures vanquished.

Grand Total: 30 creatures vanquished

Notes
Turn   | Place    | Note
-------+----------+-------------------------------------------
     0 | D:1      | Koleisus the Kobold Summoner began the quest for the Orb.
     0 | D:1      | Reached XP level 1. HP: 10/10 MP: 3/3
   530 | D:1      | Reached XP level 2. HP: 15/15 MP: 3/5
  1723 | D:2      | Reached XP level 3. HP: 13/19 MP: 4/6
  1929 | D:2      | Found a glowing golden altar of the Shining One.
  1937 | D:2      | Became a worshipper of the Shining One
  2170 | D:2      | Slain by an adder

Levels and vault maps discovered:
D:1:      sevenhm_arrival_forest_fort_large_2, layout_loops_ring
D:2:      layout_basic, lemuel_crystal_altar
D:3:      layout_rooms, nicolae_gozag_seed_capital, lemuel_doored_altar

Action                   || total
-------------------------++-------
Melee: Unarmed           ||    59
 Cast: Summon Small Mamm ||    44
 Stab: Sleeping          ||     2
       Distracted        ||     1
  Eat: Chunk             ||    10
Armor: Robe              ||     7
Dodge: Dodged            ||    93

Table legend:
 A = Non-vault XP
 B = Vault XP
 C = Vault XP percentage of total XP
 D = Non-vault monster count
 E = Vault monster count
 F = Vault count percentage of total count
                 A         B        C        D         E       F
            +---------+---------+-------+---------+---------+-------
      Total |      35 |       0 |   0.0 |      30 |       0 |   0.0
            +---------+---------+-------+---------+---------+-------
        D:1 |      20 |       0 |   0.0 |      16 |       0 |   0.0
        D:2 |      13 |       0 |   0.0 |      12 |       0 |   0.0
        D:3 |       2 |       0 |   0.0 |       2 |       0 |   0.0
            +---------+---------+-------+---------+---------+-------
